 Dungeon Crawl Stone Soup version 0.27-a0-1230-gfc7c993222 (webtiles) character file.

Game seed: 18296811765413441373

81 Delamore the Skirmisher (level 4, -2/37 HPs)
             Began as a Formicid Fighter on June 8, 2021.
             Was an Initiate of Gozag.
             Slain by Crazy Yiuf
             ... wielding a +4 quarterstaff of chaos
              (3 damage)
             ... on level 3 of the Dungeon.
             The game lasted 00:02:13 (2216 turns).

Delamore the Skirmisher (Formicid Fighter)          Turns: 2216, Time: 00:02:14

Health: -2/37      AC:  8    Str: 21    XL:     4   Next: 68%
Magic:  4/4        EV:  8    Int:  8    God:    Gozag
Gold:   133        SH: 11    Dex: 16    Spells: 3/3 levels left

rFire    . . .     SeeInvis +   a - +1 trident
rCold    . . .     Faith    .   c - +1 kite shield
rNeg     . . .     Spirit   .   b - +0 scale mail
rPois    .         Reflect  .   (helmet unavailable)
rElec    .         Harm     .   g - +0 cloak
rCorr    .         Rampage  .   (no gloves)
Will     .....                  (no boots)
Stlth    ..........             e - amulet of the acrobat
HPRegen  0.12/turn              l - +6 ring of dexterity
MPRegen  0.09/turn              (no ring)

@: no status effects
A: permanent stasis, dig shafts and tunnels, antennae 3, four strong arms
a: Dig, Shaft Self, Renounce Religion, Potion Petition, Call Merchant, Bribe
Branch


You were on level 3 of the Dungeon.
You worshipped Gozag.
Gozag was aware of your devotion.
You visited 1 branch of the dungeon, and saw 3 of its levels.

You collected 189 gold pieces.
You paid 56 gold pieces to Gozag.

Inventory:

Hand Weapons
 a - a +1 trident (weapon)
Missiles
 h - 28 poisoned darts (quivered)
Armour
 b - a +0 scale mail (worn)
 c - a +1 kite shield (worn)
 g - a +0 cloak (worn)
Jewellery
 e - an amulet of the acrobat (around neck)
 l - a +6 ring of dexterity (left hand)
 o - a ring of see invisible
Scrolls
 k - a scroll of noise
 n - a scroll of enchant armour
Potions
 d - 2 potions of might
 f - 2 potions of lignification
 i - a potion of curing
 j - a potion of berserk rage
 m - a potion of attraction {unknown}


   Skills:
 + Level 4.1 Fighting
 * Level 3.9 Polearms
 - Level 3.2 Armour
 - Level 3.6 Shields


You had 3 spell levels left.
You didn't know any spells.
Your spell library contained the following spells:

 Spells                   Type           Power      Damage    Failure   Level
 Confusing Touch          Hex            0%         N/A       100%        3
 Gell's Gravitas          Tloc           0%         N/A       100%        3
 Petrify                  Tmut/Erth      0%         N/A       100%        4
 Metabolic Englaciation   Hex/Ice        0%         N/A       100%        5
 Yara's Violent Unravell  Hex/Tmut       0%         3d3       100%        5


Dungeon Overview and Level Annotations

Branches:
Dungeon (3/15)

Altars:
Gozag
Makhleb
Zin

Annotations:
D:3 Crazy Yiuf


Innate Abilities, Weirdness & Mutations

You cannot be hasted, slowed, berserked, paralysed or teleported.
You can dig through walls and to a lower floor.
You have a pair of large antennae on your head. (SInv)
Your four strong arms can wield two-handed weapons with a shield.


Message History

You kneel at the altar of Gozag.
Gozag welcomes you!
You pay a service fee of 56 gold.
There is an open door here.
Found an escape hatch in the floor.
Found four maces.
Found a runed translucent door.
You see here a +0 mace.
You sense a monster nearby.
Found a mace.
You see here a +0 mace.
As you open the door, it creaks loudly!
You hit Crazy Yiuf.
Crazy Yiuf is lightly wounded.
Crazy Yiuf hits you with a +4 quarterstaff of chaos.
Crazy Yiuf freezes you.
You hit Crazy Yiuf but do no damage.
Crazy Yiuf is lightly wounded.
You block Crazy Yiuf's attack. x2
You hit Crazy Yiuf.
Crazy Yiuf is moderately wounded.
Crazy Yiuf says, "Trifle tea ragdoll!"
Crazy Yiuf closely misses you.
Your shield prevents you from hitting Crazy Yiuf.
Crazy Yiuf is moderately wounded.
You block Crazy Yiuf's attack.
You puncture Crazy Yiuf!
Crazy Yiuf is almost dead.
Crazy Yiuf hits you with a +4 quarterstaff of chaos.
Crazy Yiuf freezes you. You block Crazy Yiuf's attack.
Your shield and scale mail prevent you from hitting Crazy Yiuf.
Crazy Yiuf is almost dead.
Crazy Yiuf hits you with a +4 quarterstaff of chaos!
* * * LOW HITPOINT WARNING * * *
You closely miss Crazy Yiuf.
Crazy Yiuf is almost dead.
Crazy Yiuf hits you with a +4 quarterstaff of chaos!
* * * LOW HITPOINT WARNING * * *
Crazy Yiuf freezes you.
You die...
Your body crumbles into a pile of gold.

*,*
#.##...###
***
#........#
##.......#
#####
#.......>#
#)..#
###.#......#
#...#
#...######..
*.))* #.###
**# *#g#*
#.# ♣@♣♣ #.#
♣♣.♣ #.#
♣)♣♣ #.#
♣♣.♣ #.#
♣♣.♣♣ #.#
♣♣...♣ #.#
♣....♣ #.#
##..## #.#
#....###.#


You could see Crazy Yiuf.

Vanquished Creatures
  A gnoll (D:1)
  An adder (D:3)
  4 dart slugs
  2 orcs (D:3)
  2 ball pythons
  3 endoplasms
  3 giant cockroaches
  5 hobgoblins
  8 jackals (D:1)
  4 kobolds
  A quokka (D:2)
  7 bats
  A frilled lizard (D:1)
  2 goblins (D:1)
  3 rats
47 creatures vanquished.

Notes
Turn   | Place    | Note
-------+----------+-------------------------------------------
     0 | D:1      | Delamore the Formicid Fighter began the quest for the Orb.
     0 | D:1      | Reached XP level 1. HP: 18/18 MP: 1/1
    97 | D:1      | Reached XP level 2. HP: 24/24 MP: 2/2
   300 | D:1      | Reached XP level 3. HP: 30/30 MP: 3/3
  1111 | D:2      | Reached XP level 4. HP: 37/37 MP: 4/4
  1152 | D:2      | Reached skill level 4 in Fighting
  1928 | D:3      | Found a burning altar of Makhleb.
  2106 | D:3      | Found a glowing silver altar of Zin.
  2106 | D:3      | Found an opulent altar of Gozag.
  2147 | D:3      | Became a worshipper of Gozag Ym Sagoz the Greedy
  2205 | D:3      | Found a runed translucent door.
  2206 | D:3      | Noticed Crazy Yiuf
  2216 | D:3      | HP: 1/37 [Crazy Yiuf/+4 quarterstaff of chaos (9)]
  2216 | D:3      | Slain by Crazy Yiuf

Illustrated notes

Levels and vault maps discovered:
D:1:      minmay_arrival_shoal_huts, layout_loops_ring
D:2:      layout_loops_ring, serial_rivers, chequers_serial_rivers_marsh,
          chequers_serial_rivers_room_a, chequers_serial_rivers_micro_b,
          chequers_serial_rivers_room_a
D:3:      layout_rooms, grunt_temple_overflow_gold_and_silver,
          lemuel_doored_altar, lemuel_crystal_altar, serial_corexii_hall,
          corexii_hall_statues_x, corexii_hall_statues_t,
          minmay_fractal_squares_diagonal_5, uniq_crazy_yiuf_cottage

Skill      XL: |  1  2  3  4 |
---------------+-------------+-----
Polearms       | 3 |  3.9
Fighting       | 4 |  4.1
Armour         | |  3.2
Shields        | |  3.6

Action                   |  1- 3 |  4- 6 || total
-------------------------+-------+-------++-------
Melee: Trident           |   113 |    57 ||   170
Throw: Dart              |       |     2 ||     2
  Use: Scroll            |     7 |     4 ||    11
Armor: Scale mail        |    55 |     8 ||    63
Dodge: Dodged            |    45 |    13 ||    58
Block: Kite shield       |    63 |    34 ||    97

Table legend: (Time is in decaauts)
 A = Elapsed time spent in this place.
 B = Non-inter-level travel time spent in this place.
 C = Inter-level travel time spent in this place.
 D = Time resting spent in this place.
 E = Time spent auto-exploring this place.
 F = Levels seen in this place.
 G = Mean time per level.
                   A        B        C        D        E       F      G
               +--------+--------+--------+--------+--------+-----+--------+
         Total |   2275 |   2188 |     87 |      0 |   1774 |   3 |  758.3 |
       Dungeon |   2275 |   2188 |     87 |      0 |   1774 |   3 |  758.3 |
               +--------+--------+--------+--------+--------+-----+--------+

Top non-repeatable levels by time:
     D:2: 935 daAuts
     D:1: 920 daAuts
     D:3: 420 daAuts
